 Dungeon Crawl Stone Soup version 0.20-a0-494-gf50ee04 (webtiles) character file.

5 dvd the Vexing (level 1, 0/7 HPs)
             Began as a Felid Enchanter on Jan 17, 2017.
             Slain by a hobgoblin (4 damage)
             ... on level 1 of the Dungeon.
             The game lasted 00:01:02 (162 turns).

dvd the Vexing (Felid Enchanter)                     Turns: 162, Time: 00:01:03

Health: 0/7        AC:  1    Str:  4    XL:     1   Next: 66%
Magic:  3/4        EV: 18    Int: 16    God:
Gold:   13         SH:  0    Dex: 16    Spells: 3/4 levels left
                                        Lives:  0   Deaths: 0

rFire    . . .     SeeInvis +     - Unarmed
rCold    . . .     Gourm    .   (armour unavailable)
rNeg     . . .     Faith    .   (shield unavailable)
rPois    .         Spirit   .   (helmet unavailable)
rElec    .         Reflect  .   (cloak unavailable)
rCorr    .         Harm     .   (gloves unavailable)
MR       .....                  (boots unavailable)
Stlth    +++.......             (no amulet)
Regen    0.1/turn               (no ring)
                                (no ring)

@: quick
A: no armour, no weapons or thrown items, stealth, claws 1, fangs 3, see
invisible, carnivore 3, speed 1, shaggy fur 1, slow metabolism 1, sharp paws
a: no special abilities


You were on level 1 of the Dungeon.
You were very full.

You visited 1 branch of the dungeon, and saw 1 of its levels.

You collected 13 gold pieces.

Inventory:

Scrolls
 d - a scroll of noise {unknown}
Books
 a - a book of Maledictions

   Spells                             Type                      Level
   a - Corona                         Hexes                        1
   b - Ensorcelled Hibernation        Hexes/Ice                    2
   c - Confuse                        Hexes                        3
   d - Tukima's Dance                 Hexes                        3
   e - Dazzling Spray                 Conjuration/Hexes            3
Comestibles
 b - 2 meat rations


   Skills:
 + Level 2.6 Dodging
 + Level 4.4 Stealth
 + Level 1.0 Unarmed Combat
 + Level 2.0 Spellcasting
 + Level 4.5 Hexes


You had 3 spell levels left.
You knew the following spells:

 Your Spells              Type           Power        Failure   Level  Hunger
a - Corona                Hex            ###....      3%          1    #......


Dungeon Overview and Level Annotations

Branches:
Dungeon (1/15)

Altars:


Innate Abilities, Weirdness & Mutations

You cannot wear armour.
You are incapable of wielding weapons or throwing items.
Your paws allow you to move quietly. (Stealth)
You have sharp claws.
You have razor-sharp teeth.
You have supernaturally acute eyesight. (SInv)
You are carnivorous and can eat meat at any time.
You cover ground quickly.
You are covered in fur. (AC +1)
You have a slow metabolism.
Your sharp claws are effective at attacking unaware monsters.


Message History

Aim: a hobgoblin (chance to defeat MR: 71%)
The hobgoblin is outlined in light.
Found a scroll labeled JOCO SAFEYPN.
You barely miss the hobgoblin. The hobgoblin closely misses you.
You scratch the hobgoblin.
The hobgoblin is severely wounded.
The hobgoblin hits you.
A rat comes into view.
The hobgoblin stops glowing.
Casting: Corona
Confirm with . or Enter, or press ? or * to list all spells.
Aiming: Corona
Press: ? - help, Shift-Dir - straight line, f/p - hobgoblin
Aim: a hobgoblin (severely wounded, chance to defeat MR: 71%)
The hobgoblin is outlined in light.
You scratch the hobgoblin.
The hobgoblin is almost dead.
The hobgoblin hits you.
Ouch! That really hurt!
You die...

.#.###.#...#.#.#............# #
.......#..............#.....# #
.#.....#...###.#....#.#####.# #
#.#...........#....(.# ###.# #
####.####..#####...#.## #...#####
#....#.............#.####.#......
##...#.#...#####.#.#.........####
#.........).# #.#.#..⌠...⌠..#
#..##.#.....# #@#.#..[###..##
#..##.#.....# #g#.#...#<#..#
.......#..#..# #r#.....#'#..#
......##..##.###.###..⌠...⌠.#
##.#.............# #.)......#
#.#..........r..# #......###
?...##..###.##.# ######## ....
#..# #.##.# .#.#.#..###..#.#


You could see a hobgoblin and a rat.

Vanquished Creatures
  A bat (D:1)
  A hobgoblin (D:1)
  2 frilled lizards (D:1)
  2 rats (D:1)
6 creatures vanquished.

Notes
Turn   | Place    | Note
-------+----------+-------------------------------------------
     0 | D:1      | dvd the Felid Enchanter began the quest for the Orb.
     0 | D:1      | Reached XP level 1. HP: 7/7 MP: 4/4
   162 | D:1      | Slain by a hobgoblin

Vault maps used:
D:1:      scummos_arrival_simple_fountains, hex_tiny,
          hangedman_abyss_or_decor_stabs, minmay_heptomino_d4

Action                   || total
-------------------------++-------
Melee: Unarmed           ||    20
       Punch             ||     1
       Bite              ||     1
 Cast: Corona            ||     5
 Stab: Sleeping          ||     3
  Eat: Chunk             ||     5
Armor: Skin              ||     2
Dodge: Dodged            ||    12
